 Dungeon Crawl Stone Soup version 0.31.0-1-g2c135a008e (webtiles) character file.

Game seed: 7168129780778962280

301 qw the Shooter (level 6, -1/46 HPs)
             Began as a Djinni Hunter on Jan 23, 2024.
             Frozen to death by an endoplasm (4 damage)
             ... on level 3 of the Dungeon.
             The game lasted 00:00:09 (1850 turns).

qw the Shooter (Djinni Hunter)                      Turns: 1850, Time: 00:00:09

Health: -1/46      AC:  6    Str: 14    XL:     6   Next: 64%
Gold:   60         EV: 11    Int: 10    God:
                   SH:  0    Dex: 17

rFire   + + .        a - +2 shortbow
rCold   x . .        (shield currently unavailable)
rNeg    . . .        l - +0 ring mail
rPois   inf          (no helmet)
rElec   .            j - +0 cloak
rCorr   +            (no gloves)
SInv    .            (boots unavailable)
Will    .....        h - amulet of the acrobat
Stlth   +            g - ring of resist corrosion
HPRegen 0.27/turn    (no ring)
MPRegen 0.00/turn

%: acrobat, infuse magic (-2 HP)
@: flying
A: sickness immunity, fire resistance 2, cold vulnerability 1, float, innate
caster, HP casting, extra vitality 1, strong 1
a: no special abilities


You were on level 3 of the Dungeon.
You visited 1 branch of the dungeon, and saw 4 of its levels.

You collected 129 gold pieces.
You spent 69 gold pieces at shops.


Innate Abilities, Weirdness & Mutations

You are immune to sickness and miasma.
You are immune to poison.
Your flesh is very heat resistant. (rF++)
You are vulnerable to cold. (rC-)
You float through the air rather than walking.
You learn spells naturally, not from books.
Your magical power is your life essence.
You have superior vitality. (+4 MHP)
Your muscles are strong. (Str +4, Int/Dex -1)


   Skills:
 - Level 3.3 Fighting
 - Level 5.6 Ranged Weapons
 - Level 1.0 Armour
 + Level 2.2 Dodging
 - Level 0.7 Stealth


You knew the following spells:

 Your Spells              Type           Power      Damage    Failure   Level
a - Foxfire               Conj/Fire      0%         2x1d4     61%         1
b - Ensorcelled Hibernat  Hex/Ice        0%         N/A       75%         2
Your spell library was empty.

Inventory:

Hand Weapons
 a - a +2 shortbow (weapon)
Armour
 j - a +0 cloak (worn)
 l - a +0 ring mail (worn)
Jewellery
 g - a ring of resist corrosion (left hand)
 h - an amulet of the acrobat (around neck)
Potions
 c - a potion of degeneration {unknown}
 d - a potion of heal wounds {unknown}
 f - a potion of curing
 i - a potion of berserk rage {unknown}
 k - a potion of brilliance {unknown}

Dungeon Overview and Level Annotations

Branches:
Dungeon (4/15)
 Temple: D:4-7

Altars:

Shops:
D:2 *:(==   D:3 *

Annotations:
D:3 1 runed translucent door, Crazy Yiuf


Message History

You shoot an arrow.
The arrow hits the wight but does no damage.
The wight is moderately damaged.
You shoot an arrow.
The arrow hits the wight but does no damage.
The wight is moderately damaged.
You shoot an arrow. The arrow closely misses the wight.
The arrow hits the plant!
The plant begins to die.
The plant is lightly damaged.
The endoplasm freezes you.
You are frozen.
You feel a terrible chill! The wight misses you.
1844 ||| STAIRDANCE The wight hits you with a +0 long sword!
The wight closely misses you.
The endoplasm hits you but does no damage.
You fly upwards.
Level annotation: 1 runed translucent door, Crazy Yiuf
There is a stone staircase leading down here.
You shoot an arrow. The arrow hits the wight.
The wight is heavily damaged.
The wight hits you but does no damage.
The endoplasm hits you but does no damage.
You shoot an arrow. The arrow barely misses the wight.
The wight closely misses you. The endoplasm freezes you.
You are frozen.
You feel a terrible chill!
You shoot an arrow. The arrow barely misses the wight.
The wight hits you with a +0 long sword!
The endoplasm freezes you.
You are frozen!
You feel a terrible chill!
You shoot an arrow. The arrow barely misses the wight.
The wight closely misses you. The endoplasm freezes you.
You are frozen.
You feel a terrible chill!
You shoot an arrow. The arrow barely misses the wight.
The wight hits you with a +0 long sword!
The endoplasm closely misses you. The wight hits you but does no damage.
The endoplasm freezes you.
You are frozen.
You feel a terrible chill!
You die...

......#...###.## #....##.#
.###.#########.## ###.....#####
##.#.###..###)..## #(...........
##.#.###..###....# #.....##.....
##.#......###....# ##.#...#.....
##.#......####..#####..##........
##.#..................###.##.....
##....?........z......###..#.....
....#...........@................
....#............J..[#...........
...##?...............#####.......
.........##..........# #.......
...###.#..#..........# ##.#####
#####..##............# ###
####......##.........#
#....#####.........# ######
#.........#


You could see a wight and an endoplasm.

Vanquished Creatures
  Grinder (D:3)
  Terence (D:3)
  An adder (D:2)
  2 dart slugs
  A ribbon worm (D:2)
  6 ball pythons
  11 endoplasms
  2 giant cockroaches
  10 goblins
  5 hobgoblins
  5 jackals (D:1)
  8 kobolds
  2 quokkas
  6 bats
  2 frilled lizards (D:2)
  8 rats
71 creatures vanquished.

Notes
Turn   | Place    | Note
-------+----------+-------------------------------------------
     0 | D:1      | qw the Djinni Hunter began the quest for the Orb.
     0 | D:1      | Reached XP level 1. HP: 18/18 MP: 0/0
     0 | D:1      | 0 ||| qw: Version: 0.3-a-136-gdd3b4e8
     0 | D:1      | 0 ||| qw: Game counter: 1182
     0 | D:1      | 0 ||| qw: Melee chars always use a shield: true
     0 | D:1      | 0 ||| qw: God list: Okawaru
     0 | D:1      | 0 ||| qw: Allow faded altars: false
     0 | D:1      | 0 ||| qw: Do Orc after clearing Dungeon:15 true
     0 | D:1      | 0 ||| qw: Do second Lair branch before Depths: true
     0 | D:1      | 0 ||| qw: Lair rune preference: random
     0 | D:1      | 0 ||| qw: Goals: Normal
     0 | D:1      | 0 ||| PLANNING D:1-11
    66 | D:1      | Reached XP level 2. HP: 23/23 MP: 0/0
   334 | D:1      | Reached XP level 3. HP: 28/28 MP: 0/0
   334 | D:1      | Learned a level 1 spell: Foxfire
   337 | D:1      | Reached skill level 4 in Ranged Weapons
   718 | D:1      | 718 ||| UPGRADING to +0 cloak.
   723 | D:1      | 723 ||| UPGRADING to +0 ring mail.
   733 | D:1      | 733 ||| DROPPING +0 leather armour.
   734 | D:1      | 734 ||| UPGRADING to ring of resist corrosion.
   735 | D:1      | 735 ||| READING scroll labelled TUTEUGU KISORE.
   735 | D:1      | 735 ||| ENCHANTING +0 shortbow.
   736 | D:1      | 736 ||| READING scroll labelled UBIGOAZ HUCIAXT.
   737 | D:1      | 737 ||| READING scroll labelled CAUSAR MOETUEGG.
   738 | D:1      | 738 ||| DROPPING scroll of butterflies.
   811 | D:2      | You are sucked into a shaft and drop 1 floor!
   821 | D:3      | Reached XP level 4. HP: 34/34 MP: 0/0
   836 | D:3      | Reached skill level 1 in Armour
   917 | D:3      | Noticed Terence
   923 | D:3      | Killed Terence
   924 | D:3      | Reached skill level 3 in Fighting
   940 | D:3      | Found a runed translucent door.
   941 | D:3      | Noticed Crazy Yiuf
   966 | D:3      | 966 ||| UPGRADING to amulet of the acrobat.
   971 | D:3      | 971 ||| READING 4 scrolls labelled QOMESE HEDE.
   971 | D:3      | 971 ||| IDENTIFYING emerald potion
   972 | D:3      | 972 ||| READING 3 scrolls of identify.
   972 | D:3      | 972 ||| IDENTIFYING viscous ruby potion
   973 | D:3      | 973 ||| READING 2 scrolls of identify.
   973 | D:3      | 973 ||| IDENTIFYING metallic dark potion
   974 | D:3      | 974 ||| DRINKING potion of mutation.
   974 | D:3      | Gained mutation: You are clumsy. (Dex -2) [potion of
                  | mutation]
   974 | D:3      | Gained mutation: You have hidden genetic defects. [potion
                  | of mutation]
   975 | D:3      | 975 ||| READING scroll of identify.
   975 | D:3      | 975 ||| IDENTIFYING brown potion
   976 | D:3      | 976 ||| READING 2 scrolls labelled FADIZU FA POHU.
   977 | D:3      | 977 ||| DROPPING potion of invisibility.
   978 | D:3      | 978 ||| DROPPING potion of ambrosia.
   979 | D:3      | 979 ||| DROPPING scroll of revelation.
  1000 | D:2      | Found Vylli's Jewellery Shoppe.
  1005 | D:2      | Found Huegoupu's Jewellery Boutique.
  1006 | D:2      | 1006 ||| SHOPLISTING +4 ring of slaying (1092 gold, have
                  | 71).
  1006 | D:2      | 1006 ||| SHOPLISTING +6 ring of dexterity (504 gold, have
                  | 71).
  1006 | D:2      | 1006 ||| SHOPLISTING amulet of regeneration (420 gold, have
                  | 71).
  1006 | D:2      | 1006 ||| SHOPLISTING ring of see invisible (210 gold, have
                  | 71).
  1006 | D:2      | 1006 ||| SHOPLISTING ring of willpower (350 gold, have 71).
  1016 | D:2      | 1016 ||| SHOPLISTING +4 ring of protection (396 gold, have
                  | 82).
  1016 | D:2      | 1016 ||| SHOPLISTING amulet of regeneration (330 gold, have
                  | 82).
  1016 | D:2      | 1016 ||| SHOPLISTING ring of Iwnegukabb {Wiz rC- rN+ Str+4}
                  | (468 gold, have 82).
  1016 | D:2      | 1016 ||| SHOPLISTING ring of Vupatit {rCorr Dex+6} (435
                  | gold, have 82).
  1016 | D:2      | 1016 ||| SHOPLISTING ring of ice (275 gold, have 82).
  1016 | D:2      | 1016 ||| SHOPLISTING ring of resist corrosion (220 gold,
                  | have 82).
  1050 | D:2      | Found Xeiff's Book Emporium.
  1070 | D:2      | Found Mimnihae's Antique Weapon Boutique.
  1074 | D:2      | 1074 ||| SHOPLISTING glowing orcbow (130 gold, have 82).
  1157 | D:2      | Reached XP level 5. HP: 40/40 MP: 0/0
  1157 | D:2      | Learned a level 2 spell: Ensorcelled Hibernation
  1170 | D:2      | Gained mutation: You occasionally lose the ability to read
                  | scrolls when taking damage. [hidden defects]
  1171 | D:2      | Found Coov's Assorted Antiques.
  1179 | D:2      | 1179 ||| BUYING fuming grey potion (21 gold).
  1179 | D:2      | Bought a fuming grey potion for 21 gold pieces
  1179 | D:2      | 1179 ||| BUYING scroll labelled XURAUCSUDO (24 gold).
  1179 | D:2      | Bought a scroll labelled XURAUCSUDO for 24 gold pieces
  1179 | D:2      | 1179 ||| BUYING scroll labelled XURAUCSUDO (24 gold).
  1179 | D:2      | Bought a scroll labelled XURAUCSUDO for 24 gold pieces
  1179 | D:2      | 1179 ||| SHOPLISTING scroll of identify (48 gold, have 13).
  1549 | D:2      | 1549 ||| DROPPING scarf of invisibility.
  1550 | D:2      | 1550 ||| READING 2 scrolls labelled XURAUCSUDO.
  1551 | D:2      | 1551 ||| DROPPING scroll of poison.
  1575 | D:3      | Found Qaurch's Assorted Antiques.
  1578 | D:3      | 1578 ||| SHOPLISTING cyan potion (22 gold, have 13).
  1578 | D:3      | 1578 ||| SHOPLISTING forked iron wand (100 gold, have 13).
  1578 | D:3      | 1578 ||| SHOPLISTING fuming golden potion (22 gold, have
                  | 13).
  1578 | D:3      | 1578 ||| SHOPLISTING murky puce potion (22 gold, have 13).
  1578 | D:3      | 1578 ||| SHOPLISTING scroll labelled QIELAC COGO (25 gold,
                  | have 13).
  1578 | D:3      | 1578 ||| SHOPLISTING scroll labelled ROFE QUGOEMIUH (25
                  | gold, have 13).
  1578 | D:3      | 1578 ||| SHOPLISTING scroll labelled TANKIO BURCHAWY (25
                  | gold, have 13).
  1578 | D:3      | 1578 ||| SHOPLISTING scroll of enchant weapon (187 gold,
                  | have 13).
  1578 | D:3      | 1578 ||| SHOPLISTING yellow potion (22 gold, have 13).
  1623 | D:3      | 1623 ||| READING scroll of enchant weapon.
  1623 | D:3      | 1623 ||| ENCHANTING +1 shortbow.
  1723 | D:3      | Noticed Grinder
  1730 | D:3      | Killed Grinder
  1731 | D:3      | Reached skill level 5 in Ranged Weapons
  1731 | D:3      | Reached XP level 6. HP: 46/46 MP: 0/0
  1732 | D:3      | Gained mutation: You are very clumsy. (Dex -4) [hidden
                  | defects]
  1732 | D:3      | Lost mutation: You have hidden genetic defects. [hidden
                  | defects expressed]
  1785 | D:3      | 1785 ||| DRINKING potion of mutation.
  1785 | D:3      | Lost mutation: You are very clumsy. (Dex -4) [potion of
                  | mutation]
  1785 | D:3      | Lost mutation: You occasionally lose the ability to read
                  | scrolls when taking damage. [potion of mutation]
  1785 | D:3      | Lost mutation: You are clumsy. (Dex -2) [potion of
                  | mutation]
  1785 | D:3      | Gained mutation: Your muscles are strong. (Str +4, Int/Dex
                  | -1) [potion of mutation]
  1844 | D:4      | 1844 ||| STAIRDANCE
  1850 | D:3      | HP: 3/46 [wight/+0 long sword (10)]
  1850 | D:3      | Frozen to death by an endoplasm

Levels and vault maps discovered:
D:1:      enne_arrival_octagon_isle, layout_basic, minmay_pentomino_v2
D:2:      layout_loops_ring, serial_shops, shop, shop,
          nicolae_shop_tiny_waterfront, shop, nicolae_shop_rolling_square,
          minmay_tree_intersection, st_stairs_1
D:3:      layout_rooms, serial_shops, shop,
          nicolae_concentric_dashed_squares_wild, uniq_crazy_yiuf_cottage,
          uniq_terence, uniq_grinder
D:4:      corexii_shack_village, layout_rooms, minmay_bent, uniq_blork_the_orc,
          uniq_menkaure, uniq_edmund

Skill      XL: |  1  2  3  4  5 |
---------------+----------------+-----
Ranged Weapons | 4 5 |  5.6
Armour         | 1 |  1.0
Fighting       | 3 |  3.3
Dodging        | |  2.2
Stealth        | |  0.7

Action                     |  1- 3 |  4- 6 || total
---------------------------+-------+-------++-------
   Fire: Shortbow          |    85 |    92 ||   177
    Use: Scroll            |     3 |     7 ||    10
         Potion            |       |     2 ||     2
 Armour: Leather armour    |    18 |       ||    18
         Ring mail         |     1 |    20 ||    21
  Dodge: Dodged            |    12 |    20 ||    32

Table legend:
 A = Non-vault XP
 B = Vault XP
 C = Vault XP percentage of total XP
 D = Non-vault monster count
 E = Vault monster count
 F = Vault count percentage of total count
                 A         B        C        D         E       F
            +---------+---------+-------+---------+---------+-------
      Total |     132 |     298 |  69.3 |      66 |       5 |   7.0
            +---------+---------+-------+---------+---------+-------
        D:1 |      55 |       2 |   3.5 |      30 |       1 |   3.2
        D:2 |      45 |       2 |   4.3 |      19 |       2 |   9.5
        D:3 |      32 |     294 |  90.2 |      17 |       2 |  10.5
            +---------+---------+-------+---------+---------+-------
